 Dungeon Crawl Stone Soup version 0.30.1-4-g462c640d31 (webtiles) character file.

Game seed: 14695253743807299891

1786 Wiggles the Cleaver (level 8, -2/70 HPs)
             Began as a Minotaur Berserker on Sept 7, 2023.
             Was a Priest of Trog.
             Slain by an unseen horror (4 damage)
             ... on level 5 of the Dungeon.
             The game lasted 00:06:10 (3788 turns).

Wiggles the Cleaver (Minotaur Berserker)            Turns: 3788, Time: 00:06:10

Health: -2/70      AC: 12    Str: 24    XL:     8   Next: 82%
Magic:  7/7        EV: 11    Int: 10    God:    Trog [***...]
Gold:   275        SH:  5    Dex: 10    Spells: 7/7 levels left

rFire   . . .        m - +0 war axe
rCold   . . .        (no shield)
rNeg    . . .        o - +0 scale mail
rPois   .            i - +0 hat
rElec   .            (no cloak)
rCorr   .            (no gloves)
SInv    .            n - +0 pair of boots
Will    .....        e - amulet of reflection Stlth
                     c - +4 ring of protection
HPRegen 0.31/turn    z - +6 ring of intelligence
MPRegen 0.10/turn

%: reflection
@: on berserk cooldown, slowed, very slow
A: horns 2, retaliatory headbutt
a: Renounce Religion, Berserk, Trog's Hand


You were on level 5 of the Dungeon.
You worshipped Trog.
Trog was most pleased with you.
You visited 1 branch of the dungeon, and saw 5 of its levels.
You also visited: Sewer.

You collected 275 gold pieces.

Inventory:

Hand Weapons
 m - a +0 war axe (weapon)
Missiles
 a - 3 throwing nets (quivered)
Armour
 i - a +0 hat (worn)
 n - a +0 pair of boots (worn)
 o - a +0 scale mail (worn)
Jewellery
 c - a +4 ring of protection (left hand)
 e - an amulet of reflection (around neck)
 z - a +6 ring of intelligence (right hand)
Scrolls
 b - 3 scrolls of teleportation
 d - 6 scrolls of identify {unknown}
 h - 2 scrolls of immolation {unknown}
 j - a scroll of torment {unknown}
 q - a scroll of enchant armour {unknown}
 t - a scroll of blinking {unknown}
 x - a scroll of noise {unknown}
 y - a scroll of vulnerability {unknown}
 A - a scroll of poison {unknown}
Potions
 f - 4 potions of curing {unknown}
 g - 2 potions of degeneration {unknown}
 k - 4 potions of heal wounds {unknown}
 l - 2 potions of attraction {unknown}
 p - a potion of mutation {unknown}
 r - a potion of berserk rage {unknown}
 s - 3 potions of brilliance {unknown}
 u - 2 potions of haste {unknown}
 v - a potion of magic {unknown}
 w - a potion of ambrosia {unknown}


   Skills:
 + Level 6.0 Fighting
 + Level 10.3 Axes
 + Level 5.9 Armour
 + Level 4.9 Dodging
 + Level 0.5 Stealth
 + Level 3.3 Shields


You had 7 spell levels left.
You didn't know any spells.
Your spell library was empty.

Dungeon Overview and Level Annotations

Branches:
Dungeon (5/15)             Temple (0/1) D:4           Sewer (visited)

Altars:
Nemelex Xobeh
Qazlal
Xom
Yredelemnul

Portals:
Abyss: D:3

Annotations:
D:3 2 transporters, jujuben's ghost, amateur DEHs
D:5 1 transporter


Innate Abilities, Weirdness & Mutations

You have a pair of horns on your head.
You reflexively headbutt those who attack you in melee.


Message History

Something hits you! x2
There is a transporter landing site here.
Something hits you. You block something's attack.
You see here an adder corpse.
There is a transporter landing site here.
Something hits you!
Something hits you but does no damage. x2
You see here an adder corpse.
Something hits you but does no damage.
There is a transporter landing site here.
Something hits you.
You see here an adder corpse.
Something hits you but does no damage.
There is a transporter landing site here.
Something hits you but does no damage. x2
Something hits you but does no damage.
Something hits you but does no damage. x2
Something completely misses you. Something hits you!
* * * LOW HITPOINT WARNING * * *
Something hits you but does no damage. Something hits you but does no damage.
There is a transporter landing site here.
Something hits you but does no damage. Something hits you.
* * * LOW HITPOINT WARNING * * *
There is a transporter landing site here.
Something hits you.
* * * LOW HITPOINT WARNING * * *
Something hits you.
* * * LOW HITPOINT WARNING * * *
Something hits you.
* * * LOW HITPOINT WARNING * * *
Something hits you but does no damage. Something hits you.
* * * LOW HITPOINT WARNING * * *
Something hits you.
* * * LOW HITPOINT WARNING * * *
You completely miss something.
Something hits you but does no damage. x2
You closely miss something. You headbutt something. Something hits you.
You die...

#.....#########...######.).
#.#..##8.....8##......##÷..
#.#..#.........#...##.##...
#....#..#?[.#).#...##.##...
###..#.#.)††.#.#...##......
####..#....©....#..######...
#.....#.#.....#.#..######...
####.##..#..#...#..#.......#.##
#........#©...@{...#..#...##.#
#........##8...).8##..#......#
#.........#########...#....###
###...........©.......#....#
#.##.#..............#....#
#.##...####..######.#....#
#...##.##........##.#....#
######.#########....#...##
#♣.♣# ######...#


There were no monsters in sight!

Vanquished Creatures
  Pikel (D:5)
  Grinder (D:4)
  Menkaure (D:4)
  Edmund (D:4)
  A water moccasin (Sewer)
  Pargi (D:4)
  2 ogres
  A phantom (D:4)
  2 lemures (D:5)
  A scorpion (D:5)
  2 hounds
  Terence (D:3)
  4 iguanas
  7 adders
  3 gnolls (D:4)
  4 river rats (D:4)
  An ufetubus (D:5)
  2 worms
  The ghost of CareLess the Sneak, a weakling KoDe (D:5)
  4 dart slugs
  10 orcs
  8 bats
  7 endoplasms
  4 giant cockroaches
  5 hobgoblins
  6 jackals
  4 quokkas
  9 ball pythons
  5 frilled lizards
  7 goblins
  9 kobolds
  3 rats (D:1)
118 creatures vanquished.

Notes
Turn   | Place    | Note
-------+----------+-------------------------------------------
     0 | D:1      | Wiggles the Minotaur Berserker began the quest for the Orb.
     0 | D:1      | Reached XP level 1. HP: 19/19 MP: 0/0
    33 | D:1      | Reached XP level 2. HP: 21/27 MP: 1/1
   228 | D:1      | Reached skill level 4 in Axes
   504 | D:1      | Reached ** piety under Trog
   522 | D:1      | Reached XP level 3. HP: 33/33 MP: 2/2
  1098 | D:2      | Reached XP level 4. HP: 38/41 MP: 3/3
  1098 | D:2      | Found a sparkling altar of Nemelex Xobeh.
  1415 | D:3      | Reached skill level 5 in Axes
  1462 | D:3      | Found a transporter.
  1465 | D:3      | Found a transporter.
  1476 | D:3      | Noticed Terence
  1481 | D:3      | Killed Terence
  1555 | D:3      | Found a one-way gate to the infinite horrors of the Abyss.
  1556 | D:3      | Noticed jujuben's ghost (amateur DEHs)
  1598 | D:3      | Noticed a small abomination
  1827 | D:4      | Reached XP level 5. HP: 44/47 MP: 4/4
  1864 | D:4      | Found a shimmering altar of Xom.
  1864 | D:4      | Noticed Menkaure
  1875 | D:4      | Killed Menkaure
  1876 | D:4      | Reached skill level 6 in Axes
  1876 | D:4      | Reached skill level 1 in Shields
  1876 | D:4      | Reached XP level 6. HP: 14/53 MP: 5/5
  2156 | D:4      | Noticed Grinder
  2164 | D:4      | Killed Grinder
  2165 | D:4      | Reached skill level 5 in Fighting
  2165 | D:4      | Reached skill level 7 in Axes
  2165 | D:4      | Reached XP level 7. HP: 61/61 MP: 6/6
  2166 | D:4      | Found a basalt altar of Yredelemnul.
  2248 | D:4      | Found a glowing drain.
  2276 | Sewer    | Entered a sewer
  2286 | Sewer    | Reached *** piety under Trog
  2444 | D:4      | Noticed Edmund
  2458 | D:4      | Killed Edmund
  2459 | D:4      | Reached skill level 8 in Axes
  2491 | D:4      | Found a staircase to the Ecumenical Temple.
  2593 | D:4      | Found a stormy altar of Qazlal.
  2595 | D:4      | Noticed Pargi
  2606 | D:4      | Killed Pargi
  2657 | D:4      | Reached XP level 8. HP: 69/69 MP: 7/7
  3048 | D:5      | Entered Level 5 of the Dungeon
  3054 | D:5      | Reached skill level 5 in Armour
  3067 | D:5      | Noticed CareLess's ghost (weakling KoDe)
  3097 | D:5      | Found a transporter.
  3114 | D:5      | Noticed Pikel
  3117 | D:5      | Reached skill level 9 in Axes
  3128 | D:5      | Killed Pikel
  3253 | D:5      | Reached skill level 10 in Axes
  3558 | D:5      | Found a transporter.
  3761 | D:5      | Killed CareLess's ghost
  3786 | D:5      | HP: 1/70 [something (3)]
  3788 | D:5      | Slain by an unseen horror

Illustrated notes

Levels and vault maps discovered:
D:1:      eino_arrival_tree_alley, layout_basic
D:2:      layout_rooms, basic_altar, minmay_misc_feat_room,
          nicolae_hexahallways, minmay_misc_feat_diagonals
D:3:      layout_rooms, gammafunk_ghost_abyssal_escape, uniq_terence
D:4:      layout_basic, yredelemnul_altar_generic, general_overflow_altar,
          mainiacjoe_overflow_tiny_flanked, minmay_temple_entry_nine_rooms,
          portal_sewer_entry_a, uniq_edmund, uniq_pargi, uniq_grinder,
          uniq_menkaure
D:5:      layout_basic, gammafunk_ghost_arena, dreamdust_princess_corridor,
          uniq_pikel

Skill      XL: |  1  2  3  4  5  6  7  8 |
---------------+-------------------------+-----
Fighting       | 4 5 6 |  6.0
Axes           | 4 5 6 7 8 10 | 10.3
Dodging        | 3 4 |  4.9
Armour         | 3 4 5 |  5.9
Shields        | 1 2 3 |  3.3
Stealth        | |  0.5

Action                     |  1- 3 |  4- 6 |  7- 9 || total
---------------------------+-------+-------+-------++-------
  Melee: Hand axe          |    72 |     4 |       ||    76
         Headbutt          |     9 |    12 |    21 ||    42
         Punch             |     1 |       |       ||     1
         War axe           |       |    62 |   127 ||   189
 Invoke: Berserk           |     1 |     3 |     2 ||     6
 Armour: Animal skin       |    10 |       |       ||    10
         Ring mail         |    19 |    17 |       ||    36
         Scale mail        |       |     9 |    69 ||    78
  Dodge: Dodged            |    62 |    32 |    75 ||   169
  Block: Other             |    14 |    12 |    36 ||    62
